 Dungeon Sprint DCSS version 0.28.0-53-g5a82cb258f (webtiles) character file.

Game seed: 2291212819158673902

429 Zeld the Cleaver (level 6, -1/66 (100) HPs)
             Began as a Minotaur Berserker on June 9, 2022.
             Was a Believer of Trog.
             Slain by Sonja
             ... wielding a +2 short sword of draining
              (7 damage)
             ... in the Dungeon (Sprint I: "Red Sonja").
             The game lasted 00:00:44 (922 turns).

Zeld the Cleaver (Minotaur Berserker)                Turns: 922, Time: 00:00:45

HP:   -1/66 (100)   AC:  2    Str: 22    XL:     6   Next: 66%
MP:   5/5           EV: 14    Int:  4    God:    Trog [**....]
Gold: 320           SH:  0    Dex: 11    Spells: 5/5 levels left

rFire   . . .      SeeInvis .   a - +0 hand axe
rCold   . . .      Faith    .   (no shield)
rNeg    . . .      Spirit   .   b - +0 animal skin
rPois   .          Reflect  .   (helmet restricted)
rElec   .          Harm     .   (no cloak)
rCorr   .          Rampage  .   (no gloves)
Will    .....      NoTele   +   (no boots)
Stlth   ..........              (no amulet)
HPRegen 0.21/turn               (no ring)
MPRegen 0.09/turn               (no ring)

@: berserking (expiring), very heavily drained, very quick
A: horns 2, retaliatory headbutt
a: Renounce Religion, Berserk, Trog's Hand


You were in the Dungeon.
You worshipped Trog.
Trog was pleased with you.
You visited 1 branch You collected 320 gold pieces.

Inventory:

Hand Weapons
 a - a +0 hand axe (weapon)
Armour
 b - a +0 animal skin (worn)
Wands
 i - a wand of iceblast (4)
Scrolls
 h - a scroll of blinking
 j - a scroll of enchant armour {unknown}
Potions
 c - a potion of curing
 d - a potion of heal wounds
 e - a potion of haste
 f - 2 potions of magic
 g - a potion of berserk rage


   Skills:
 * Level 10.5 Fighting
 * Level 10.6 Axes
 + Level 7.3 Armour
 + Level 6.9 Dodging


You had 5 spell levels left.
You didn't know any spells.
Your spell library was empty.

Dungeon Overview and Level Annotations

Branches:
Dungeon (1/1)

Altars:
Cheibriados
Dithmenos
Elyvilon
Fedhas
Gozag
Hepliaklqana
Kikubaaqudgha
Nemelex Xobeh
Okawaru
Qazlal
Ru
Sif Muna
Trog
Uskayaw
Vehumet
Wu Jian
Yredelemnul
Zin
The Shining One

Shops:
D [

Annotations:
D Sonja


Innate Abilities, Weirdness & Mutations

You have a pair of horns on your head.
You reflexively headbutt those who attack you in melee.


Message History

Sonja is heavily wounded.
Sonja hits you with a +2 short sword of draining!
You feel drained. Sonja misses you. Sonja barely misses you.
You barely miss Sonja. Your headbutt misses Sonja.
Sonja is heavily wounded.
Unknown command.
You completely miss Sonja.
Sonja is heavily wounded.
Sonja hits you with a +2 short sword of draining.
You feel drained.
Sonja hits you with a +2 short sword of draining.
You feel drained. Sonja barely misses you.
You completely miss Sonja.
Sonja is heavily wounded.
Sonja closely misses you.
Sonja hits you with a +2 short sword of draining.
* * * LOW HITPOINT WARNING * * *
You feel drained. Sonja barely misses you.
You miss Sonja. Your headbutt misses Sonja.
Sonja is heavily wounded.
You completely miss Sonja.
Sonja is heavily wounded.
Sonja says, "If only old Madame Brzewit could see me now!"
Sonja completely misses you. Sonja misses you.
Sonja hits you but does no damage.
You feel drained.
You completely miss Sonja. Your headbutt misses Sonja.
Sonja is heavily wounded.
Sonja casts a spell.
Sonja blinks!
Sonja gestures wildly while chanting.
Sonja blinks!
There is an open door here.
You completely miss Sonja. Your headbutt misses Sonja.
Sonja is heavily wounded.
Sonja hits you with a +2 short sword of draining!
* * * LOW HITPOINT WARNING * * *
You feel drained.
* * * LOW HITPOINT WARNING * * *
Sonja hits you with a +2 short sword of draining!
You die...

#<.#..'..#..'..#
#..').#..').#..+
#..#####'#####'#
#..####..#§..#.#
#..#__####..##.#
#..#_____##'#_.+
#⌠⌠#_.∩...'..._#
####_..__##_.#'#
#_____###@#.#
####### #K###
$.$ #$.$# ##.##
#+#


You could see Sonja.

Vanquished Creatures
  Sigmund (D)
  A yak (D)
  An ogre (D)
  A jelly (D)
  Ijyb (D)
5 creatures vanquished.

Notes
Turn   | Place    | Note
-------+----------+-------------------------------------------
     0 | D        | Zeld the Minotaur Berserker began the quest for the Orb.
     0 | D        | Reached XP level 1. HP: 19/19 MP: 0/0
     2 | D        | Noticed Ijyb
     6 | D        | Killed Ijyb
     7 | D        | Reached skill level 5 in Fighting
     7 | D        | Reached skill level 5 in Axes
     7 | D        | Reached XP level 2. HP: 29/29 MP: 1/1
   111 | D        | Noticed an ogre
   114 | D        | HP: 1/29 [ogre/+0 giant club (28)]
   121 | D        | Killed an ogre
   122 | D        | Reached XP level 3. HP: 4/39 MP: 2/2
   122 | D        | Reached XP level 4. HP: 5/47 MP: 3/3
   442 | D        | Noticed Sigmund
   449 | D        | Killed Sigmund
   449 | D        | Reached ** piety under Trog
   450 | D        | Reached XP level 5. HP: 57/57 MP: 4/4
   679 | D        | Found an ornate altar of the Wu Jian Council.
   679 | D        | Found a shimmering blue altar of Sif Muna.
   681 | D        | Found a radiant altar of Vehumet.
   687 | D        | Reached XP level 6. HP: 64/64 MP: 5/5
   748 | D        | Found Furof's Antique Armour Emporium.
   748 | D        | Found an ancient bone altar of Kikubaaqudgha.
   748 | D        | Found a hazy altar of Hepliaklqana.
   748 | D        | Found a hide-covered altar of Uskayaw.
   748 | D        | Found a basalt altar of Yredelemnul.
   748 | D        | Found an opulent altar of Gozag.
   748 | D        | Found a snail-covered altar of Cheibriados.
   748 | D        | Found a sacrificial altar of Ru.
   748 | D        | Found a shadowy altar of Dithmenos.
   748 | D        | Noticed a yak
   749 | D        | Found a stormy altar of Qazlal.
   749 | D        | Found a blossoming altar of Fedhas.
   749 | D        | Found a bloodstained altar of Trog.
   749 | D        | Found an iron altar of Okawaru.
   749 | D        | Found a glowing golden altar of the Shining One.
   749 | D        | Found a glowing silver altar of Zin.
   749 | D        | Found a white marble altar of Elyvilon.
   755 | D        | Killed a yak
   756 | D        | Reached skill level 10 in Fighting
   756 | D        | Reached skill level 10 in Axes
   757 | D        | Found a sparkling altar of Nemelex Xobeh.
   906 | D        | Noticed Sonja
   922 | D        | Slain by Sonja

Illustrated notes

Levels and vault maps discovered:
D:        dungeon_sprint_1 [red_sonja_temple_1, red_sonja_temple_small_1]

Skill      XL: |  1  2  3  4  5  6 |
---------------+-------------------+-----
Fighting       | 5 7 9 10 | 10.5
Axes           | 5 7 9 10 | 10.6
Armour         | 3 4 6 7 |  7.3
Dodging        | 3 4 6 |  6.9

Action                   |  1- 3 |  4- 6 || total
-------------------------+-------+-------++-------
Melee: Hand axe          |     6 |    24 ||    30
       Headbutt          |     2 |     2 ||     4
       Punch             |     1 |       ||     1
Invok: Berserk           |     2 |     4 ||     6
Evoke: Wand              |       |     1 ||     1
Armor: Animal skin       |     1 |     3 ||     4
Dodge: Dodged            |     4 |    19 ||    23
